 Dungeon Crawl Stone Soup version 0.25.1-2-g60ff931df9 (webtiles) character file.

Game seed: 12213826883062704791

154 gruber the Cudgeler (level 5, -2/47 HPs)
             Began as a Minotaur Fighter on Dec 3, 2020.
             Killed by nerve-wracking pain
             ... invoked by an orc priest
              (13 damage)
             ... on level 3 of the Dungeon.
             The game lasted 00:01:44 (2205 turns).

gruber the Cudgeler (Minotaur Fighter)              Turns: 2205, Time: 00:01:44

Health: -2/47      AC:  6    Str: 22    XL:     5   Next: 13%
Magic:  4/4        EV: 13    Int:  5    God:
Gold:   134        SH:  6    Dex:  9    Spells: 4/4 levels left

rFire    . . .     SeeInvis .   a - +0 flail
rCold    . . .     Gourm    .   q - +2 buckler {reflect}
rNeg     . . .     Faith    .   b - +0 scale mail
rPois    .         Spirit   .   (helmet restricted)
rElec    .         Reflect  +   (no cloak)
rCorr    .         Harm     .   (no gloves)
MR       .....                  (no boots)
Stlth    ..........             (no amulet)
HPRegen  0.15/turn              w - +4 ring of evasion
MPRegen  0.09/turn              (no ring)

@: no status effects
A: retaliatory headbutt, horns 2
a: no special abilities


You were on level 3 of the Dungeon.
You were not hungry.

You visited 1 branch of the dungeon, and saw 3 of its levels.

You collected 134 gold pieces.

Inventory:

Hand Weapons
 a - a +0 flail (weapon)
Missiles
 k - 5 atropa-tipped darts (quivered)
Armour
 b - a +0 scale mail (worn)
 c - a +0 kite shield
 q - a +2 buckler of reflection (worn)
Jewellery
 g - an uncursed amulet of magic regeneration {unknown}
 w - a +4 ring of evasion (left hand)
Wands
 x - a wand of flame (25)
Scrolls
 e - 4 scrolls of fear {unknown}
 h - a scroll of identify {unknown}
 j - 3 scrolls of teleportation {unknown}
 s - 3 scrolls of fog {unknown}
 t - 2 scrolls of remove curse {unknown}
 v - 2 scrolls of amnesia {unknown}
Potions
 d - 3 potions of might
 i - a potion of curing {unknown}
 l - 2 potions of lignification {unknown}
 m - a potion of stabbing {unknown}
 n - 2 potions of degeneration {unknown}
 o - a potion of haste {unknown}
 r - 2 potions of flight {unknown}
 u - a potion of heal wounds {unknown}
Comestibles
 f - 2 rations
 p - 9 chunks of flesh


   Skills:
 * Level 4.4 Fighting
 - Level 6.0 Maces & Flails
 - Level 3.6 Armour
 - Level 3.6 Shields


You had 4 spell levels left.
You didn't know any spells.
Your spell library contained the following spells:

 Spells                   Type           Power        Failure   Level  Hunger
 Corona                   Hex            #......      82%         1    ##.....
 Ensorcelled Hibernation  Hex/Ice        #.....       91%         2    ###....
 Confusing Touch          Hex            #.......     99%         3    ####...
 Dazzling Flash           Conj/Hex       #.....       99%         3    ####...
 Tukima's Dance           Hex            #.......     99%         3    ####...


Dungeon Overview and Level Annotations

Branches:
Dungeon (3/15)

Altars:
Nemelex Xobeh
Sif Muna


Innate Abilities, Weirdness & Mutations

You reflexively headbutt those who attack you in melee.
You have a pair of horns on your head.


Message History

Your Fighting skill increases to level 4!
You have reached level 5!
The hobgoblin hits you but does no damage.
You block the orc priest's attack.
Unknown command.
Unknown command.
You closely miss the orc priest. Something hits you.
* * * LOW HITPOINT WARNING * * *
You block the orc's attack. The hobgoblin barely misses you.
The orc priest hits you but does no damage.
You hit the orc priest. You headbutt the orc priest.
The orc priest is severely wounded.
Something hits you but does no damage. The orc barely misses you.
You furiously retaliate!
You headbutt the orc!
You kill the orc!
The orc closely misses you. You furiously retaliate!
You headbutt the orc. You block the hobgoblin's attack.
The orc priest calls down the wrath of Beogh upon you.
Pain shoots through your body!
You die...

####.....
#........
#........
#........
#........
##........
##)o{......
###..@o......
#.....g...... P.
##[.....##...#####
.. #......
#......# ..
....... ##.##.#.#
⌠.
......####..#..# #
..
...........#..##
.. .............##
.....
...........##


You could see an orc priest, an orc and a hobgoblin.

Vanquished Creatures
  An orc priest (D:3)
  3 adders (D:2)
  An ooze (D:2)
  A worm (D:2)
  4 dart slugs
  7 leopard geckos
  2 orcs (D:3)
  5 bats
  3 giant cockroaches
  8 hobgoblins
  9 jackals
  7 kobolds
  2 frilled lizards
  10 goblins
  4 rats (D:2)
67 creatures vanquished.

Notes
Turn   | Place    | Note
-------+----------+-------------------------------------------
     0 | D:1      | gruber the Minotaur Fighter began the quest for the Orb.
     0 | D:1      | Reached XP level 1. HP: 19/19 MP: 0/0
   118 | D:1      | Reached skill level 3 in Maces & Flails
   123 | D:1      | Reached XP level 2. HP: 17/26 MP: 1/1
   526 | D:1      | Reached skill level 4 in Maces & Flails
   898 | D:2      | Reached XP level 3. HP: 28/31 MP: 2/2
  1245 | D:2      | Reached skill level 5 in Maces & Flails
  1385 | D:2      | Reached XP level 4. HP: 39/39 MP: 3/3
  1589 | D:2      | Found a sparkling altar of Nemelex Xobeh.
  1857 | D:2      | Found a shimmering blue altar of Sif Muna.
  2054 | D:3      | Reached skill level 6 in Maces & Flails
  2203 | D:3      | Reached XP level 5. HP: 13/47 MP: 4/4
  2205 | D:3      | Killed from afar by an orc priest

Illustrated notes

Levels and vault maps discovered:
D:1:      dpeg_arrival_pits, layout_basic, minmay_misc_feat_four_crosses,
          minmay_distorted
D:2:      minmay_razor_zed, layout_rooms, nemelex_xobeh_ov_fountains_minmay,
          lemuel_doored_altar, serial_forest, infiniplex_forest_lined_room_2,
          infiniplex_forest_clump_cross, infiniplex_forest_end_double,
          infiniplex_forest_clump_small, infiniplex_forest_corner_2,
          infiniplex_forest_end_2, infiniplex_forest_end_2,
          infiniplex_forest_lined_room_3, infiniplex_forest_lined_room_2
D:3:      layout_rooms, nicolae_overflow_hidden_temple, tso_oasis_becter,
          chequers_ecumenical_altar_lobes

Skill      XL: |  1  2  3  4 |
---------------+-------------+-----
Maces & Flails | 3 4 5 6 |  6.0
Fighting       | 4 |  4.4
Armour         | |  3.6
Shields        | |  3.6

Action                   |  1- 3 |  4- 6 || total
-------------------------+-------+-------++-------
Melee: Flail             |    88 |    66 ||   154
       Headbutt          |     8 |    13 ||    21
  Eat: Chunk             |     2 |     2 ||     4
Armor: Scale mail        |    28 |    20 ||    48
Dodge: Dodged            |    23 |    38 ||    61
Block: Kite shield       |    34 |     7 ||    41
       Buckler           |       |    17 ||    17
